 Dungeon Crawl Stone Soup version 0.30-a0-800-g7c544603b3 (webtiles) character file.

Game seed: 11241417311863090834

9053 Iich the Severer (level 11, 0/154 (156) HPs)
             Began as a Hill Orc Fighter on Feb 22, 2023.
             Was an Initiate of Gozag.
             Slain by a cane toad (13 damage)
             ... on level 1 of the Lair of Beasts.
             The game lasted 00:13:08 (9338 turns).

Iich the Severer (Hill Orc Fighter)                 Turns: 9338, Time: 00:13:09

HP:   0/154 (156)   AC: 25    Str: 20    XL:     11   Next: 40%
MP:   11/11         EV:  2    Int:  8    God:    Gozag
Gold: 81            SH: 13    Dex: 20    Spells: 10/10 levels left

rFire   . . .      SeeInvis +    a - +0 war axe
rCold   + . .      Faith    .    E - +2 kite shield
rNeg    + . .      Spirit   .    (body armour currently unavailable)
rPois   +          Reflect  .    (helmet currently unavailable)
rElec   +          Harm     .    (cloak currently unavailable)
rCorr   +          Rampage  .    (gloves currently unavailable)
Will    .....      NoTele   +    (boots currently unavailable)
Stlth   ++                       t - amulet "Eseice" {RegenMP rPois rF- Regen+ SInv}
HPRegen 1.25/turn                w - ring of positive energy
MPRegen 0.52/turn                p - +6 ring of dexterity

@: mighty, lethally poisoned (0 -> -5), tree-form, resistant, lightly drained,
very slow
A: stationary, stasis, torment immunity, boosted hp
a: End Transformation, Renounce Religion, Potion Petition, Call Merchant, Bribe
Branch


You were on level 1 of the Lair of Beasts.
You worshipped Gozag.
Gozag was noncommittal.
You were a tree.
You visited 2 branches of the dungeon, and saw 11 of its levels.

You collected 1313 gold pieces.
You spent 250 gold pieces at shops.
You paid 982 gold pieces to Gozag.

Inventory:

Hand Weapons
 a - a +0 war axe (weapon)
Missiles
 z - 5 throwing nets (quivered)
Armour
 b - a +0 scale mail
 c - a +0 buckler
 r - a +1 cloak (melded)
 v - a +0 helmet (melded)
 C - a +1 pair of gloves (melded)
 D - a +0 chain mail (melded)
 E - a +2 kite shield (worn)
Jewellery
 p - a +6 ring of dexterity (right branch)
 t - the amulet "Eseice" (around neck) {RegenMP rPois rF- Regen+ SInv}
   (You bought it in a shop on level 3 of the Dungeon)

   [amulet of magic regeneration]

   It increases your rate of magic regeneration.
   rF:        It makes you vulnerable to fire.
   rPois:     It protects you from poison.
   SInv:      It lets you see invisible.
   Regen:     It increases your rate of health regeneration.
 w - a ring of positive energy (left branch)
 J - a +6 ring of intelligence
 O - a ring of magical power
Wands
 I - a wand of digging (3)
 K - a wand of flame (13)
 N - a wand of polymorph (2)
Scrolls
 e - a scroll of noise
 f - a scroll of torment
 h - 2 scrolls of enchant weapon {unknown}
 j - 3 scrolls of immolation
 k - 2 scrolls of teleportation
 l - 4 scrolls of fog
 m - a scroll of amnesia
 s - 3 scrolls of fear
 u - a scroll of silence
 y - a scroll of brand weapon
 F - a scroll of summoning {unknown}
 L - a scroll of magic mapping {unknown}
 M - a scroll of blinking
 P - a scroll of poison {unknown}
Potions
 d - a potion of might
 g - a potion of magic {unknown}
 i - a potion of invisibility
 n - 3 potions of brilliance
 o - a potion of berserk rage {unknown}
 x - a potion of flight
 B - a potion of resistance
 G - a potion of curing
 H - a potion of degeneration
Miscellaneous
 q - a piece from Xom's chessboard (15/15)


   Skills:
 + Level 12.1 Fighting
 * Level 17.6 Axes
 - Level 3.2 Armour
 + Level 6.1 Shields


You had 10 spell levels left.
You didn't know any spells.
Your spell library contained the following spells:

 Spells                   Type           Power      Damage    Failure   Level
 Beastly Appendage        Tmut           0%         N/A       75%         1
 Sting                    Tmut/Pois      0%         1d3       75%         1
 Poisonous Vapours        Pois/Air       0%         N/A       87%         2
 Wereblood                Tmut           0%         N/A       87%         2
 Ignite Poison            Fire/Tmut/Pois 0%         N/A       98%         3
 Inner Flame              Hex/Fire       0%         N/A       98%         3
 Kindle Blastsparks       Fire/Tloc/Air  0%         2d10      98%         3
 Spider Form              Tmut/Pois      0%         N/A       98%         3
 Cause Fear               Hex            0%         N/A       100%        4
 Olgreb's Toxic Radiance  Pois           0%         N/A       100%        4
 Freezing Cloud           Conj/Ice/Air   0%         6-21      100%        5
 Discord                  Hex            0%         N/A       100%        8


Dungeon Overview and Level Annotations

Branches:
Dungeon (10/15)            Temple (0/1) D:7            Lair (1/5) D:9
    Orc (0/2) D:10

Altars:
Ashenzari
Cheibriados
Fedhas
Gozag
Hepliaklqana
Kikubaaqudgha
Makhleb
Nemelex Xobeh
Okawaru
Ru
Uskayaw
Vehumet
Wu Jian
Xom
Yredelemnul
Zin

Shops:
D:1 (   D:3 (**[


Message History

* * * LOW HITPOINT WARNING * * *
You are more poisoned.
The cane toad poisons you! The basilisk gazes at you.
You are slowing down.
You feel limber!
You feel magically purged.
You feel extremely sick. You block the bullfrog's attack.
The bullfrog hits you but does no damage.
The cane toad stings you!
* * * LOW HITPOINT WARNING * * *
The basilisk closely misses you. You block the bullfrog's attack.
The cane toad barely misses you.
You closely miss the cane toad.
The cane toad is severely wounded.
You hit the basilisk. You hit the bullfrog.
* * * LOW HITPOINT WARNING * * *
You feel very sick.
The basilisk splashes around in the water.
You block the bullfrog's attack. You block the cane toad's attack.
Okay, then.
Unknown command. [a] - 276 gold - brilliance and magic [b] - 598 gold - heal wounds, curing, magic and haste [c] - 476 gold - lignification, might and resistance Purchase which effect?
You no longer have enough gold to petition Gozag for potion effects.
You turn into a tree.
Your +1 cloak melds into your body.
Your +0 helmet melds into your body.
Your +1 pair of gloves melds into your body.
Your +0 chain mail melds into your body.
Your roots penetrate the ground.
You feel very mighty all of a sudden.
You feel protected.
You feel very sick. You block the bullfrog's attack.
The basilisk bites you but does no damage.
The cane toad stings you!
You die...
Your body crumbles into a pile of gold.

≈≈≈≈~..# #.~≈≈~~~~
#≈~~≈~~# ####.~~≈≈..~
#####~≈~~~###.###.~≈~.>.
#....~~~~..##...........
+....~≈~~~..............
#....~~~~...#...........
#....~~~~..............#
$
#....~~~~..##..........#
.+.~~♣~..######..#####
#..~lFF~## ##..# #
#..~~~~$# #.## #
#.~~~~~~# ..# #...~~~~#
#P# #+.~≈≈.## ###
..~≈~~≈ ####### #.~≈≈≈~~
#<..##. ##...##.


You could see a cane toad, a basilisk and a bullfrog.

Vanquished Creatures
  3 two-headed ogres
  A cane toad (Lair:1)
  A komodo dragon (D:10)
  A kobold demonologist (D:10)
  A hornet (D:9)
  6 yaks (D:10)
  A vampire (D:9)
  2 wraiths
  A wyvern (D:7)
  A steam dragon (D:9)
  2 wargs (D:9)
  2 water moccasins
  3 orc warriors (D:9)
  2 black bears (D:8)
  A sky beast (D:6)
  An ice beast (D:5)
  4 ogres
  A phantom (D:5)
  3 centaurs
  A kobold brigand (D:9)
  2 gnoll sergeants
  A bullfrog (Lair:1)
  2 necrophages (D:4)
  4 scorpions
  12 wights
  7 killer bees (D:9)
  5 howler monkeys
  A vampire bat (D:8)
  2 jellies (D:4)
  3 gnoll boudas
  4 orc priests
  Crazy Yiuf (D:2)
  4 hounds
  3 iguanas (D:5)
  7 orc wizards
  4 hell rats (Lair:1)
  A hound skeleton (D:4)
  Robin (D:3)
  9 adders
  22 gnolls
  A white imp (D:8)
  2 dart slugs (D:1)
  18 orcs
  6 ball pythons
  2 bat skeletons (D:8)
  3 bat zombies (D:8)
  7 endoplasms
  2 giant cockroaches
  8 goblins
  16 hobgoblins
  12 kobolds
  2 quokkas (D:1)
  6 bats
  6 frilled lizards
  5 rats
  2 butterflies (D:3)
231 creatures vanquished.

Vanquished Creatures (others)
  12 plants
12 creatures vanquished.

Grand Total: 243 creatures vanquished

Notes
Turn   | Place    | Note
-------+----------+-------------------------------------------
     0 | D:1      | Iich the Hill Orc Fighter began the quest for the Orb.
     0 | D:1      | Reached XP level 1. HP: 19/19 MP: 1/1
    49 | D:1      | Reached skill level 3 in Axes
   251 | D:1      | Reached XP level 2. HP: 20/27 MP: 2/2
   377 | D:1      | Reached skill level 4 in Axes
   378 | D:1      | Reached XP level 3. HP: 20/33 MP: 3/3
   561 | D:1      | Found Virarobu's Weapon Emporium.
   906 | D:2      | Found a faded altar of an unknown god.
  1331 | D:2      | Reached XP level 4. HP: 33/41 MP: 4/4
  1387 | D:2      | Identified the +1 hammer of Metovasa {elec, rC+}
  1393 | D:2      | Found a runed translucent door.
  1394 | D:2      | Noticed Crazy Yiuf
  1672 | D:2      | Killed Crazy Yiuf
  1673 | D:2      | Reached skill level 5 in Axes
  1729 | D:3      | Found a shimmering altar of Xom.
  1786 | D:3      | Found Teozepaq's Assorted Antiques.
  1831 | D:3      | Reached XP level 5. HP: 6/47 MP: 5/5
  1834 | D:3      | Reached skill level 6 in Axes
  1841 | D:3      | Found Quckug's Assorted Antiques.
  1845 | D:3      | Bought a coiled ruby amulet for 120 gold pieces
  1845 | D:3      | Identified the amulet "Eseice" {RegenMP rPois rF- Regen+
                  | SInv} (You bought it in a shop on level 3 of the Dungeon)
  1971 | D:3      | Found Paacusia's Armour Emporium.
  1979 | D:3      | Reached skill level 5 in Fighting
  2049 | D:3      | Noticed Robin
  2063 | D:3      | Killed Robin
  2174 | D:3      | Found a radiant altar of Vehumet.
  2302 | D:3      | Reached XP level 6. HP: 21/56 MP: 6/6
  2383 | D:3      | Found Nogedemi's Weapon Emporium.
  2454 | D:4      | Reached skill level 7 in Axes
  2661 | D:4      | Found a burning altar of Makhleb.
  2723 | D:4      | Reached skill level 8 in Axes
  2818 | D:4      | Reached XP level 7. HP: 63/63 MP: 7/7
  3153 | D:5      | Entered Level 5 of the Dungeon
  3187 | D:5      | Reached skill level 9 in Axes
  3355 | D:5      | Reached XP level 8. HP: 66/73 MP: 8/8
  3393 | D:5      | Reached skill level 10 in Axes
  3563 | D:5      | Noticed a two-headed ogre
  3584 | D:5      | Killed a two-headed ogre
  3585 | D:5      | Reached skill level 12 in Axes
  3585 | D:5      | Reached XP level 9. HP: 54/82 MP: 9/9
  3974 | D:6      | Reached skill level 13 in Axes
  4549 | D:6      | Found a blossoming altar of Fedhas.
  5147 | D:7      | Found an opulent altar of Gozag.
  5153 | D:7      | Became a worshipper of Gozag Ym Sagoz the Greedy
  5211 | D:7      | Found a glowing silver altar of Zin.
  5244 | D:7      | Found a staircase to the Ecumenical Temple.
  5526 | D:3      | Bought a scratched wooden ring for 130 gold pieces
  5605 | D:8      | Reached skill level 14 in Axes
  5759 | D:7      | Reached skill level 10 in Fighting
  6064 | D:8      | Noticed a two-headed ogre
  6082 | D:8      | Killed a two-headed ogre
  6083 | D:8      | Reached skill level 15 in Axes
  6083 | D:8      | Reached XP level 10. HP: 45/94 MP: 10/10
  6173 | D:8      | Found a hazy altar of Hepliaklqana.
  6776 | D:8      | Found an ancient bone altar of Kikubaaqudgha.
  7057 | D:9      | Found a basalt altar of Yredelemnul.
  7067 | D:9      | Found an iron altar of Okawaru.
  7070 | D:9      | Found a hide-covered altar of Uskayaw.
  7070 | D:9      | Found an ornate altar of the Wu Jian Council.
  7077 | D:9      | Found a sacrificial altar of Ru.
  7122 | D:9      | Found a staircase to the Lair.
  7138 | D:9      | Reached skill level 16 in Axes
  7351 | D:9      | Paralysed by a hornet for 1 turns
  7358 | D:9      | Paralysed by a hornet for 1 turns
  7846 | D:9      | Reached skill level 5 in Shields
  8075 | D:9      | Found a sparkling altar of Nemelex Xobeh.
  8075 | D:9      | Found a snail-covered altar of Cheibriados.
  8113 | D:10     | Entered Level 10 of the Dungeon
  8156 | D:10     | Found a staircase to the Orcish Mines.
  8207 | D:10     | Noticed a two-headed ogre
  8223 | D:10     | HP: 7/144 [two-headed ogre/+0 giant club (16)]
  8225 | D:10     | Killed a two-headed ogre
  8226 | D:10     | Reached skill level 17 in Axes
  8226 | D:10     | Reached XP level 11. HP: 10/104 MP: 11/11
  8557 | D:10     | Noticed a sun demon
  8704 | D:10     | Found a broken altar of Ashenzari.
  9085 | Lair:1   | Entered Level 1 of the Lair of Beasts
  9338 | Lair:1   | Slain by a cane toad

Illustrated notes

Levels and vault maps discovered:
D:1:      dpeg_arrival_concentric_ovals, layout_basic, serial_shops,
          nicolae_lakefront_shop
D:2:      layout_basic, shapermc_ecumenical_altar_ellora,
          uniq_crazy_yiuf_cottage
D:3:      layout_rooms, xom_butterflies, mainiacjoe_overflow_brackets,
          serial_shops, shop, nicolae_shop_bloodbath_and_beyond, shop_statue,
          shop, grunt_ministairs_9, uniq_robin
D:4:      layout_loops_ring, makhleb_blood_cavern_becter
D:5:      layout_basic, grunt_ministairs_12
D:6:      layout_loops_corners, general_overflow_altar, nicolae_grassy_gnolls
D:7:      layout_loops_corners, pdpol_temple_overflow_zin_treasury_gozag_greed,
          minmay_temple_entry_glassed_door
D:8:      layout_basic, kennysheep_vampire_church, mainiacjoe_overflow_24_doors,
          serial_glass, glass_columns_a, glass_columns_b
D:9:      kennysheep_six_static_rooms, layout_rooms,
          nicolae_overflow_hallway_of_the_gods, gammafunk_temple_overflow_wave,
          erik_lair_orcish_takeover
D:10:     layout_irregular_city, mainiacjoe_overflow_surrounded_room,
          orc_0_dummy
Lair:1:   layout_roguey, chequers_serial_rivers_large_a,
          infiniplex_staircase_pool

Skill      XL: |  1  2  3  4  5  6  7  8  9 10 11 |
---------------+----------------------------------+-----
Axes           | 3 4 5 6 8 9 12 15 17 | 17.6
Fighting       | 4 5 6 7 8 10 11 12 | 12.1
Shields        | 5 6 |  6.1
Armour         | |  3.2

Action                     |  1- 3 |  4- 6 |  7- 9 | 10-12 || total
---------------------------+-------+-------+-------+-------++-------
  Melee: War axe           |   105 |   148 |   278 |   323 ||   854
 Invoke: Potion Petition   |       |       |       |     2 ||     2
  Evoke: Wand              |       |       |     1 |     5 ||     6
    Use: Potion            |     2 |     3 |     5 |     6 ||    16
         Scroll            |     1 |     6 |     5 |     2 ||    14
   Stab: Distracted        |       |       |       |     1 ||     1
 Armour: Scale mail        |    47 |    52 |     6 |       ||   105
         Chain mail        |       |       |   122 |   164 ||   286
         Skin              |       |       |       |     2 ||     2
  Dodge: Dodged            |    55 |    62 |    92 |    89 ||   298
  Block: Buckler           |    28 |    37 |    55 |    15 ||   135
         Kite shield       |       |       |       |   191 ||   191

Table legend: (Time is in decaauts)
 A = Elapsed time spent in this place.
 B = Non-inter-level travel time spent in this place.
 C = Inter-level travel time spent in this place.
 D = Time resting spent in this place.
 E = Time spent auto-exploring this place.
 F = Levels seen in this place.
 G = Mean time per level.
                   A        B        C        D        E       F      G
               +--------+--------+--------+--------+--------+-----+--------+
         Total |   9341 |   8839 |    502 |    263 |   6810 |  11 |  849.2 |
       Dungeon |   9091 |   8589 |    502 |    263 |   6603 |  10 |  909.1 |
          Lair |    250 |    250 |      0 |      0 |    207 |   1 |  250.0 |
               +--------+--------+--------+--------+--------+-----+--------+

Top non-repeatable levels by time:
     D:8: 1141 daAuts
     D:6: 1068 daAuts
     D:7: 970 daAuts
    D:10: 955 daAuts
     D:9: 921 daAuts
     D:1: 891 daAuts
     D:2: 860 daAuts
     D:3: 790 daAuts
     D:5: 757 daAuts
     D:4: 733 daAuts
  Lair:1: 250 daAuts
